 Dungeon Crawl Stone Soup version 0.30-a0-368-g86fb4627a9 (webtiles) character file.

Game seed: 16491982656645321985

561 qeuew the Trooper (level 7, 0/37 HPs)
             Began as a Vine Stalker Fighter on Nov 20, 2022.
             Slain by an orc priest
             ... wielding a +0 hand axe
              (4 damage)
             ... on level 4 of the Dungeon.
             The game lasted 00:04:22 (2200 turns).

qeuew the Trooper (Vine Stalker Fighter)            Turns: 2200, Time: 00:04:23

Health: 0/37       AC:  6    Str: 19    XL:     7   Next: 31%
Magic:  0/8        EV: 10    Int:  8    God:
Gold:   114        SH:  5    Dex: 15    Spells: 6/6 levels left

rFire   . . .      SeeInvis .    a - +0 war axe
rCold   . . .      Faith    .    c - +0 buckler
rNeg    . . .      Spirit   +    b - +0 scale mail
rPois   .          Reflect  .    (no helmet)
rElec   .          Harm     .    (no cloak)
rCorr   .          Rampage  .    (no gloves)
Will    .....                    (no boots)
Stlth   ..........               (no amulet)
HPRegen 1.06/turn                i - +4 ring of slaying
MPRegen 0.11/turn                (no ring)

@: no status effects
A: fangs 2, regeneration 1, magic shield, antimagic bite, no potion heal 2
a: no special abilities


You were on level 4 of the Dungeon.
You visited 1 branch of the dungeon, and saw 5 of its levels.
You also visited: Sewer.

You collected 114 gold pieces.

Inventory:

Hand Weapons
 a - a +0 war axe (weapon)
Armour
 b - a +0 scale mail (worn)
 c - a +0 buckler (worn)
Jewellery
 i - a +4 ring of slaying (left hand)
Scrolls
 e - a scroll of acquirement {unknown}
 h - a scroll of silence
 n - a scroll of teleportation
Potions
 d - a potion of might
 f - 3 potions of curing
 j - a potion of magic


   Skills:
 + Level 4.1 Fighting
 + Level 3.4 Axes
 + Level 3.6 Armour
 + Level 2.5 Dodging
 + Level 4.0 Shields


You had 6 spell levels left.
You didn't know any spells.
Your spell library contained the following spells:

 Spells                   Type           Power      Damage    Failure   Level
 Gell's Gravitas          Tloc           0%         N/A       99%         3
 Teleport Other           Tloc           0%         N/A       99%         3
 Dispersal                Tloc           0%         N/A       100%        6


Dungeon Overview and Level Annotations

Branches:
Dungeon (5/15)              Sewer (visited)
 Temple: D:4-7

Altars:

Shops:
D:3 [


Innate Abilities, Weirdness & Mutations

You have extremely sharp teeth.
Your natural rate of healing is unusually fast.
When hurt, damage is shared between your health and your magic reserves.
Your bite disrupts and absorbs the magic of your enemies.
Potions cannot restore your health.


Message History

The orc priest invokes the aid of Beogh against you.
Beogh smites you!
* * * LOW HITPOINT WARNING * * *
You block the hobgoblin's attack. You block the orc priest's attack.
The orc closely misses you. The hobgoblin misses you.
Okay, then.
You slash the orc priest! You bite the orc priest. You drain its power.
You feel invigorated.
The orc priest is severely wounded.
You hit the hobgoblin.
You kill the hobgoblin!
You completely miss the endoplasm. You hit the orc.
The orc hits you with a +0 short sword.
* * * LOW HITPOINT WARNING * * *
The orc priest hits you with a +0 hand axe.
* * * LOW HITPOINT WARNING * * *
The endoplasm freezes you.
You are frozen.
* * * LOW HITPOINT WARNING * * *
Okay, then.
Unknown command.
You closely miss the orc priest.
The orc priest is severely wounded.
You hit the endoplasm.
You kill the endoplasm!
You hit the orc.
You kill the orc!
The orc priest calls down the wrath of Beogh upon you.
Pain shoots through your body!
* * * LOW HITPOINT WARNING * * *
The orc priest hits you with a +0 hand axe.
* * * LOW HITPOINT WARNING * * *
You hit the orc priest. Your bite misses the orc priest.
The orc priest is almost dead.
You block the orc priest's attack.
Unknown command.
You closely miss the orc priest.
The orc priest is almost dead.
The orc priest hits you with a +0 hand axe.
You die...

....... .. .......#
... .....#.. ....
#......#######....
...##.........#.......
#...#....)............
........##.....)../...
#.......#....@o##
#......##.......#
##......#...........
#.......#.#..........
#.........##.........
#.....))...#.........
##.###..##..........#
# ##.###.......###
#.........#.#


You could see an orc priest.

Vanquished Creatures
  Edmund (D:4)
  An ogre (D:5)
  2 iguanas (D:5)
  Terence (D:2)
  3 orc wizards
  7 adders
  6 river rats (Sewer)
  2 worms (D:5)
  A dart slug (D:2)
  8 orcs
  9 ball pythons
  2 bats
  4 endoplasms
  4 giant cockroaches
  4 goblins
  5 hobgoblins
  7 kobolds
  A quokka (D:2)
  13 frilled lizards
  16 rats
97 creatures vanquished.

Vanquished Creatures (others)
  A plant (D:2)
1 creature vanquished.

Grand Total: 98 creatures vanquished

Notes
Turn   | Place    | Note
-------+----------+-------------------------------------------
     0 | D:1      | qeuew the Vine Stalker Fighter began the quest for the Orb.
     0 | D:1      | Reached XP level 1. HP: 11/11 MP: 2/2
   115 | D:1      | Reached XP level 2. HP: 16/16 MP: 3/3
   861 | D:2      | Reached XP level 3. HP: 17/19 MP: 4/4
  1085 | D:2      | Reached skill level 1 in Dodging
  1101 | D:2      | Gained mutation: Your natural rate of healing is unusually
                  | fast. [Vine Stalker growth]
  1101 | D:2      | Reached XP level 4. HP: 22/24 MP: 5/5
  1260 | D:2      | Noticed Terence
  1266 | D:2      | Killed Terence
  1299 | D:2      | Found a faded altar of an unknown god.
  1399 | D:3      | Found Denen's Armour Emporium.
  1500 | D:3      | You fall into a shaft and drop 2 floors!
  1500 | D:5      | Entered Level 5 of the Dungeon
  1501 | D:5      | Found a glowing drain.
  1513 | D:5      | Reached XP level 5. HP: 27/28 MP: 6/6
  1522 | Sewer    | Entered a sewer
  1852 | Sewer    | Reached XP level 6. HP: 31/32 MP: 7/7
  2169 | D:4      | Noticed Edmund
  2178 | D:4      | Killed Edmund
  2179 | D:4      | Reached XP level 7. HP: 19/37 MP: 5/8
  2197 | D:4      | HP: 1/37 [frozen (3)]
  2200 | D:4      | Slain by an orc priest

Illustrated notes

Levels and vault maps discovered:
D:1:      giann_horns, layout_basic, interstate_on_off, reono_crystal_passage
D:2:      layout_rooms, dilly_ecumenical_altar_fadedgnrine,
          grunt_decor_arrowhead, uniq_terence
D:3:      layout_loops_ring, overflow_temple_1_default, serial_shops,
          nicolae_shop_window_shopping, minmay_ogre_servants
D:4:      kennysheep_goblin_castle, layout_cave_pools, uniq_crazy_yiuf_cottage,
          uniq_edmund, uniq_natasha
D:5:      layout_rooms, minmay_temple_entry_enclosed_plants,
          cheibrodos_sewer_entry_bend, minmay_misc_feat_rugged

Skill      XL: |  1  2  3  4  5  6 |
---------------+-------------------+-----
Axes           | 2 3 |  3.4
Fighting       | 3 4 |  4.1
Shields        | 3 4 |  4.0
Dodging        | 1 2 |  2.5
Armour         | 3 |  3.6

Action                   |  1- 3 |  4- 6 |  7- 9 || total
-------------------------+-------+-------+-------++-------
Melee: War axe           |    74 |   124 |     9 ||   207
       Bite              |    16 |    29 |     3 ||    48
  Use: Potion            |     3 |     7 |       ||    10
       Scroll            |     1 |     6 |       ||     7
Armor: Scale mail        |    30 |    40 |     2 ||    72
Dodge: Dodged            |    35 |    49 |     6 ||    90
Block: Buckler           |    14 |    36 |     6 ||    56

Table legend: (Time is in decaauts)
 A = Elapsed time spent in this place.
 B = Non-inter-level travel time spent in this place.
 C = Inter-level travel time spent in this place.
 D = Time resting spent in this place.
 E = Time spent auto-exploring this place.
 F = Levels seen in this place.
 G = Mean time per level.
                   A        B        C        D        E       F      G
               +--------+--------+--------+--------+--------+-----+--------+
         Total |   2321 |   2303 |     18 |     26 |   1548 |   6 |  386.8 |
       Dungeon |   1789 |   1771 |     18 |     26 |   1290 |   5 |  357.8 |
         Sewer |    531 |    531 |      0 |      0 |    258 |   1 |  531.0 |
               +--------+--------+--------+--------+--------+-----+--------+

Top non-repeatable levels by time:
     D:1: 863 daAuts
     D:2: 555 daAuts
   Sewer: 531 daAuts
     D:5: 214 daAuts
     D:3: 105 daAuts
     D:4: 49 daAuts
